 Dungeon Crawl Stone Soup version 0.30-a0-726-gd89dcf765f (webtiles) character file.

Game seed: 18339244174065526515

269 garrulousMonolith the Shield-Bearer (level 6, -1/79 HPs)
             Began as a Gnoll Fighter on Jan 30, 2023.
             Succumbed to an orc wizard's poison
             ... on level 4 of the Dungeon.
             The game lasted 00:02:23 (2725 turns).

garrulousMonolith the Shield-Bearer (Gnoll Fighter) Turns: 2725, Time: 00:02:24

Health: -1/79      AC: 23    Str: 16    XL:     6   Next: 22%
Magic:  9/9        EV:  2    Int:  9    God:
Gold:   169        SH:  0    Dex: 11    Spells: 9/9 levels left

rFire   + . .      SeeInvis .    a - +0 long sword
rCold   + . .      Faith    .    c - +0 buckler
rNeg    . . .      Spirit   .    (body armour currently unavailable)
rPois   +          Reflect  .    (helmet currently unavailable)
rElec   +          Harm     .    (cloak currently unavailable)
rCorr   +          Rampage  .    (gloves currently unavailable)
Will    .....      NoTele   +    (boots currently unavailable)
Stlth   +                        (no amulet)
HPRegen 0.33/turn                (no ring)
MPRegen 0.11/turn                (no ring)

@: confused, lethally poisoned (-1 -> -17), tree-form (expiring), resistant
A: stationary, stasis, torment immunity, boosted hp, (fangs 1), strong nose,
distributed training
a: no special abilities


You were on level 4 of the Dungeon.
You were a tree.
You visited 1 branch of the dungeon, and saw 4 of its levels.

You collected 169 gold pieces.

Inventory:

Hand Weapons
 a - a +0 long sword (weapon)
 f - a +2 dagger of freezing
Armour
 c - a +0 buckler (worn)
 e - a +0 chain mail (melded)
 j - a +0 cloak (melded)
Scrolls
 b - a scroll of fog {unknown}
 g - a scroll of enchant weapon {unknown}
 i - a scroll of teleportation {unknown}
 l - a scroll of brand weapon {unknown}
Potions
 h - 3 potions of brilliance
 k - a potion of flight


   Skills:
 + Level 6.8 Fighting
 + Level 2.0 Short Blades
 + Level 5.0 Long Blades
 + Level 2.0 Axes
 + Level 2.0 Maces & Flails
 + Level 2.0 Polearms
 + Level 2.0 Staves
 + Level 2.0 Ranged Weapons
 + Level 2.0 Throwing
 + Level 6.8 Armour
 + Level 2.0 Dodging
 + Level 2.0 Stealth
 + Level 6.8 Shields
 + Level 2.0 Unarmed Combat
 + Level 2.0 Spellcasting
 + Level 1.5 Conjurations
 + Level 1.5 Hexes
 + Level 1.5 Summonings
 + Level 1.5 Necromancy
 + Level 1.5 Translocations
 + Level 1.5 Transmutations
 + Level 1.5 Fire Magic
 + Level 1.5 Ice Magic
 + Level 1.5 Air Magic
 + Level 1.5 Earth Magic
 + Level 1.5 Poison Magic
 + Level 2.1 Invocations
 + Level 2.0 Evocations


You had 9 spell levels left.
You didn't know any spells.
Your spell library was empty.

Dungeon Overview and Level Annotations

Branches:
Dungeon (4/15)
 Temple: D:4-7

Altars:


Innate Abilities, Weirdness & Mutations

You are a tree.
Your roots penetrate the ground, keeping you stationary.
You cannot be teleported.
You are immune to unholy pain and torment.
Your maximum health is greatly increased.
Your equipment is partially melded.
((You have very sharp teeth.))
Your uncanny sense of smell can sniff out nearby items.
Your experience applies equally to all skills.


Message History

Something hits you but does no damage.
The jackal bites you but does no damage.
You miss something.
You feel very sick.
The jackal bites you but does no damage. x2
Something hits you but does no damage. The jackal bites you.
* * * LOW HITPOINT WARNING * * *
You hit something but do no damage.
You feel very sick.
The jackal bites you but does no damage. x2
You block something's attack. You block the jackal's attack.
The jackal bites you but does no damage.
You hear some strange, mumbled words.
You are confused.
You miss something.
You feel very sick.
The jackal bites you but does no damage. x3
Something hits you.
* * * LOW HITPOINT WARNING * * *
You are lethally poisoned!
The jackal bites you but does no damage.
You hit something.
Your transformation is almost over.
* * * LOW HITPOINT WARNING * * *
You feel very sick. The jackal barely misses you.
The jackal bites you but does no damage.
Something hits you but does no damage.
You barely miss something.
* * * LOW HITPOINT WARNING * * *
You feel very sick. The jackal bites you.
* * * LOW HITPOINT WARNING * * *
The jackal bites you but does no damage.
Something hits you but does no damage.
You are more poisoned.
The jackal barely misses you.
The jackal bites you but does no damage.
You miss something.
You die...

..>...#.##......... #.
#.[............. #.
####.##......... #
##.######............
#.#..#......#..........
#.......###.#..........
.#.......#..............
......{hh#.#.##.........
......)♣.#.#.##.......##
#.......[#.#.# ########.
#........).#.# ######..
..........##.# #.......
..#.####.###.# ..####..
.... ..# .# ##.# .#.
.... ##..# . #####
######..## #.....[###


You could see 2 jackals.

Vanquished Creatures
  An ogre (D:3)
  Natasha (thrice) (D:2)
  A gnoll (D:1)
  4 adders
  A worm (D:2)
  2 dart slugs
  4 orcs
  2 endoplasms
  4 giant cockroaches
  5 goblins
  5 hobgoblins
  3 jackals
  4 quokkas
  2 ball pythons
  8 bats
  3 frilled lizards (D:1)
  5 kobolds
  10 rats
67 creatures vanquished.

Notes
Turn   | Place    | Note
-------+----------+-------------------------------------------
     0 | D:1      | garrulousMonolith the Gnoll Fighter began the quest for the
                  | Orb.
     0 | D:1      | Reached XP level 1. HP: 23/23 MP: 1/1
   129 | D:1      | Reached XP level 2. HP: 27/29 MP: 2/2
   326 | D:1      | Reached XP level 3. HP: 35/35 MP: 3/3
   467 | D:1      | Reached skill level 1 in Invocations
   794 | D:2      | Found a faded altar of an unknown god.
   924 | D:2      | Reached skill level 1 in Short Blades
   924 | D:2      | Reached skill level 1 in Axes
   924 | D:2      | Reached skill level 1 in Maces & Flails
   924 | D:2      | Reached skill level 1 in Polearms
   924 | D:2      | Reached skill level 1 in Staves
   924 | D:2      | Reached skill level 1 in Ranged Weapons
   924 | D:2      | Reached skill level 1 in Throwing
   924 | D:2      | Reached skill level 1 in Dodging
   924 | D:2      | Reached skill level 1 in Stealth
   924 | D:2      | Reached skill level 1 in Unarmed Combat
   924 | D:2      | Reached skill level 1 in Spellcasting
   924 | D:2      | Reached skill level 1 in Evocations
  1022 | D:2      | Reached XP level 4. HP: 35/41 MP: 5/5
  1142 | D:2      | Noticed Natasha
  1159 | D:2      | Killed Natasha
  1160 | D:2      | Reached skill level 1 in Conjurations
  1160 | D:2      | Reached skill level 1 in Hexes
  1160 | D:2      | Reached skill level 1 in Summonings
  1160 | D:2      | Reached skill level 1 in Necromancy
  1160 | D:2      | Reached skill level 1 in Translocations
  1160 | D:2      | Reached skill level 1 in Transmutations
  1160 | D:2      | Reached skill level 1 in Fire Magic
  1160 | D:2      | Reached skill level 1 in Ice Magic
  1160 | D:2      | Reached skill level 1 in Air Magic
  1160 | D:2      | Reached skill level 1 in Earth Magic
  1160 | D:2      | Reached skill level 1 in Poison Magic
  1324 | D:2      | Noticed Natasha
  1333 | D:2      | Killed Natasha
  1367 | D:2      | Noticed Natasha
  1374 | D:2      | Reached XP level 5. HP: 31/47 MP: 7/7
  1380 | D:2      | Killed Natasha
  1765 | D:3      | Noticed an ogre
  1774 | D:3      | Killed an ogre
  1775 | D:3      | Reached XP level 6. HP: 15/53 MP: 8/8
  2382 | D:3      | Reached skill level 5 in Long Blades
  2724 | D:4      | HP: 3/79 [jackal (1)]
  2725 | D:4      | Succumbed to an orc wizard's poison

Illustrated notes

Levels and vault maps discovered:
D:1:      sevenhm_arrival_forest_fort_large_4, layout_rooms,
          minmay_splitting_lines, minivault_11
D:2:      layout_basic, ebering_ecumenical_altar_sacrificial, uniq_natasha
D:3:      layout_basic, hangedman_decor_slide_cut
D:4:      layout_rooms, amcnicky_altar_gilded, grunt_temple_overflow_open,
          nrook_loot_triangle, uniq_pikel

Skill      XL: |  1  2  3  4  5  6 |
---------------+-------------------+-----
Invocations    | 1 2 |  2.1
Short Blades   | 1 2 |  2.0
Axes           | 1 2 |  2.0
Maces & Flails | 1 2 |  2.0
Polearms       | 1 2 |  2.0
Staves         | 1 2 |  2.0
Ranged Weapons | 1 2 |  2.0
Throwing       | 1 2 |  2.0
Dodging        | 1 2 |  2.0
Stealth        | 1 2 |  2.0
Unarmed Combat | 1 2 |  2.0
Spellcasting   | 1 2 |  2.0
Evocations     | 1 2 |  2.0
Conjurations   | 1 |  1.5
Hexes          | 1 |  1.5
Summonings     | 1 |  1.5
Necromancy     | 1 |  1.5
Translocations | 1 |  1.5
Transmutations | 1 |  1.5
Fire Magic     | 1 |  1.5
Ice Magic      | 1 |  1.5
Air Magic      | 1 |  1.5
Earth Magic    | 1 |  1.5
Poison Magic   | 1 |  1.5
Long Blades    | 5 |  5.0
Fighting       | |  6.8
Armour         | |  6.8
Shields        | |  6.8

Action                     |  1- 3 |  4- 6 || total
---------------------------+-------+-------++-------
  Melee: Long sword        |   104 |   126 ||   230
         Bite              |     4 |    11 ||    15
    Use: Potion            |       |     3 ||     3
         Scroll            |       |     3 ||     3
 Armour: Scale mail        |    31 |       ||    31
         Chain mail        |    16 |    65 ||    81
         Skin              |       |    22 ||    22
  Dodge: Dodged            |    29 |    41 ||    70
  Block: Buckler           |    24 |    41 ||    65

Table legend: (Time is in decaauts)
 A = Elapsed time spent in this place.
 B = Non-inter-level travel time spent in this place.
 C = Inter-level travel time spent in this place.
 D = Time resting spent in this place.
 E = Time spent auto-exploring this place.
 F = Levels seen in this place.
 G = Mean time per level.
                   A        B        C        D        E       F      G
               +--------+--------+--------+--------+--------+-----+--------+
         Total |   2786 |   2738 |     48 |    145 |   2071 |   4 |  696.5 |
       Dungeon |   2786 |   2738 |     48 |    145 |   2071 |   4 |  696.5 |
               +--------+--------+--------+--------+--------+-----+--------+

Top non-repeatable levels by time:
     D:2: 1128 daAuts
     D:3: 894 daAuts
     D:1: 660 daAuts
     D:4: 103 daAuts
